 Dungeon Crawl Stone Soup version 0.23.2-33-g5129a83 (webtiles) character file.

Game seed: 2538792757400140240

10871 ultravoices the Covert (level 11, -1/50 HPs)
             Began as a Spriggan Enchanter on July 25, 2019.
             Was an Elder of Dithmenos.
             Killed from afar by an ice statue (25 damage)
             ... with a shard of ice
             ... in an ice cave.
             The game lasted 00:47:23 (10583 turns).

ultravoices the Covert (Spriggan Enchanter)        Turns: 10583, Time: 00:47:24

Health: -1/50      AC:  6    Str:  4    XL:     11   Next: 41%
Magic:  22/26      EV: 20    Int: 20    God:    Dithmenos [****..]
Gold:   786        SH:  0    Dex: 17    Spells: 24/30 levels left

rFire    + . .     SeeInvis +   p - +6 dagger (elec)
rCold    . . .     Gourm    .   (shield restricted)
rNeg     . . .     Faith    .   r - +0 troll leather armour
rPois    +         Spirit   .   (helmet restricted)
rElec    .         Reflect  .   t - +1 cloak
rCorr    .         Harm     .   (gloves unavailable)
MR       +....                  (boots unavailable)
Stlth    ++++++++..             (no amulet)
HPRegen  0.56/turn              i - ring of protection from fire
MPRegen  0.20/turn              f - ring of poison resistance

@: about to teleport, wreathed by umbra, very quick
A: very small, unfitting armour, see invisible, herbivore, speed 3, slow
metabolism 2
a: Shadow Step, Renounce Religion


You were in an ice cave.
You worshipped Dithmenos.
Dithmenos was greatly pleased with you.
You were not hungry.

You visited 4 branches of the dungeon, and saw 13 of its levels.
You also visited: Ice Cave.

You collected 786 gold pieces.

Inventory:

Hand Weapons
 a - a +2 dagger
 j - a +0 rapier
 n - a +0 blowgun
 p - a +6 dagger of electrocution (weapon)
 C - a +2 dagger of venom
Missiles
 l - 3 tomahawks (quivered)
 u - 51 poisoned needles
 x - 60 sling bullets
Armour
 r - a +0 troll leather armour (worn)
 t - a +1 cloak (worn)
Jewellery
 f - a ring of poison resistance (right hand)
 i - a ring of protection from fire (left hand)
 k - an uncursed amulet of rage
Wands
 q - a wand of iceblast (4)
 s - a wand of random effects (27)
Scrolls
 e - a scroll of summoning
 g - 3 scrolls of identify
 h - a scroll of amnesia
 y - 2 scrolls of teleportation
 A - 3 scrolls of remove curse
 D - a scroll of fog
Potions
 b - a potion of might
 c - 4 potions of flight
 m - 4 potions of resistance
 o - 3 potions of heal wounds
 v - 3 potions of curing
Comestibles
 d - 6 rations


   Skills:
 + Level 2.3 Fighting
 + Level 5.7 Short Blades
 + Level 0.7 Armour
 + Level 6.9 Dodging
 + Level 13.3 Stealth
 - Level 10.3 Spellcasting
 * Level 12.7 Hexes
 + Level 3.5 Ice Magic


You had 24 spell levels left.
You knew the following spells:

 Your Spells              Type           Power        Failure   Level  Hunger
a - Corona                Hex            ######.      1%          1    None
b - Ensorcelled Hibernat  Hex/Ice        #####.       1%          2    None
c - Confuse               Hex            ######..     1%          3    None

Your spell library contained the following spells:

 Spells                   Type           Power        Failure   Level  Hunger
 Tukima's Dance           Hex            ######..     1%          3    None
 Dazzling Spray           Conj/Hex       #####.       2%          3    None


Dungeon Overview and Level Annotations

Branches:
Dungeon (9/15)             Temple (1/1) D:4            Lair (1/6) D:9
    Orc (2/2) D:9
    Elf: Orc:2

Altars:
Dithmenos
Elyvilon
Hepliaklqana
Kikubaaqudgha
Nemelex Xobeh
Qazlal
Yredelemnul
The Shining One

Shops:
D:5 =   D:7 [[(   Orc:1 *

Annotations:
IceCv exclusion: ice statue


Innate Abilities, Weirdness & Mutations

You are very small and have problems with some larger weapons.
You are too small for most types of armour.
You have supernaturally acute eyesight. (SInv)
You are a herbivore.
You cover ground extremely quickly.
You need to consume almost no food.


Message History

Casting: Confuse (safe; 1% risk of failure)
Confirm with . or Enter, or press ? or * to list all spells.
You can't see any susceptible monsters within range! (Use Z to cast anyway.)
Casting: Confuse (safe; 1% risk of failure)
Confirm with . or Enter, or press ? or * to list all spells.
You can't see any susceptible monsters within range! (Use Z to cast anyway.)
You barely miss the ice statue. You hit the ice statue.
The ice statue is lightly damaged.
The ice statue gestures at you. The freezing blast engulfs you.
You hit the ice statue.
The ice statue is lightly damaged.
You are engulfed in freezing vapours.
As you read the scroll of teleportation, it crumbles to dust.
You feel strangely unstable.
You are engulfed in freezing vapours.
The ice statue gestures at you. The shard of ice hits you!!
Ouch! That really hurt!
You die...

#.......## ..
##........# #.#
#........## ###
..##.....#...###
##..
......##......###...
#°○☼.○##......÷#....
##○☼○###....##.÷..##
#8○###....####.÷###
##@# #.....# ####
### #....## ##...##
#...## #..## #..#
###.## #...# ####
##..## ##.†#


You could see an ice statue.

Vanquished Creatures
  An ettin (Orc:1)
  2 rime drakes (Orc:1)
  A troll (D:9)
  7 polar bears (IceCv)
  A hornet (D:9)
  A hippogriff (D:9)
  A spriggan (D:8)
  14 yaks
  A wyvern (D:8)
  10 orc warriors
  3 ice beasts
  A sky beast (D:6)
  A black bear (D:8)
  A phantom (D:6)
  8 ogres
  3 wolves (IceCv)
  3 centaurs
  A crocodile (D:7)
  8 big kobolds (D:9)
  A wyvern zombie (D:8)
  A gnoll sergeant (D:9)
  5 bullfrogs
  2 scorpions (D:4)
  5 killer bees
  An electric eel (D:7)
  3 crimson imps
  A centaur zombie (D:9)
  A quasit (D:9)
  4 hounds
  8 orc priests
  A bullfrog skeleton (D:8)
  2 jellies
  7 orc wizards
  2 centaur skeletons
  6 worker ants
  A hound zombie (D:5)
  A worker ant zombie (D:7)
  8 gnolls
  7 adders
  A howler monkey skeleton (D:4)
  3 shadow imps
  2 oozes
  4 worms
  5 dart slugs
  7 leopard geckos
  32 orcs
  4 giant cockroaches
  3 goblins
  7 hobgoblins
  2 jackals (D:2)
  9 kobolds
  5 quokkas
  2 ball pythons
  5 bats
  8 frilled lizards
  2 quokka skeletons
  8 rats
244 creatures vanquished.

Vanquished Creatures (others)
  22 plants (D:7)
22 creatures vanquished.

Grand Total: 266 creatures vanquished

Notes
Turn   | Place    | Note
-------+----------+-------------------------------------------
     0 | D:1      | ultravoices the Spriggan Enchanter began the quest for the
                  | Orb.
     0 | D:1      | Reached XP level 1. HP: 9/9 MP: 5/5
   307 | D:1      | Reached XP level 2. HP: 13/13 MP: 6/6
   311 | D:1      | Learned a level 2 spell: Ensorcelled Hibernation
   628 | D:1      | Reached XP level 3. HP: 16/16 MP: 8/8
   633 | D:1      | Learned a level 3 spell: Confuse
  1171 | D:2      | Reached skill level 5 in Stealth
  2071 | D:2      | Reached XP level 4. HP: 16/21 MP: 7/9
  2518 | D:3      | Found a shadowy altar of Dithmenos.
  2658 | D:3      | Became a worshipper of Dithmenos the Shadowed
  2775 | D:3      | Found a white marble altar of Elyvilon.
  3023 | D:3      | Reached skill level 6 in Stealth
  3023 | D:3      | Reached XP level 5. HP: 25/25 MP: 5/11
  3184 | D:3      | Found a sparkling altar of Nemelex Xobeh.
  3660 | D:4      | Reached XP level 6. HP: 29/29 MP: 12/12
  3820 | D:4      | Found a staircase to the Ecumenical Temple.
  3826 | Temple   | Entered the Ecumenical Temple
  4132 | D:4      | Reached * piety under Dithmenos
  4240 | D:4      | Reached skill level 7 in Stealth
  4685 | D:5      | Entered Level 5 of the Dungeon
  4786 | D:5      | Found Roddefoeq's Jewellery Shoppe.
  4798 | D:5      | Reached skill level 8 in Stealth
  4798 | D:5      | Reached XP level 7. HP: 29/32 MP: 11/14
  5143 | D:6      | Found a shadowy altar of Dithmenos.
  5195 | D:6      | Reached skill level 5 in Short Blades
  5264 | D:6      | Reached skill level 9 in Stealth
  5264 | D:6      | Reached skill level 5 in Hexes
  5444 | D:6      | Reached skill level 5 in Spellcasting
  5467 | D:6      | Reached skill level 1 in Ice Magic
  5467 | D:6      | Reached XP level 8. HP: 37/37 MP: 7/17
  5563 | D:6      | Reached ** piety under Dithmenos
  5762 | D:7      | Found Unluacog's Antique Armour Emporium.
  5909 | D:7      | Found Woisch's Antique Armour Emporium.
  5912 | D:7      | Found Iluac's Weapon Shoppe.
  5956 | D:7      | Reached skill level 1 in Fighting
  6444 | D:7      | Reached skill level 5 in Dodging
  6643 | D:8      | Found a basalt altar of Yredelemnul.
  6848 | D:8      | Reached XP level 9. HP: 41/41 MP: 12/21
  7176 | D:8      | Found a glowing golden altar of the Shining One.
  7664 | D:8      | Reached *** piety under Dithmenos
  7925 | D:9      | Found a staircase to the Lair.
  7988 | D:9      | Reached skill level 10 in Hexes
  8148 | D:9      | Reached skill level 10 in Stealth
  8148 | D:9      | Reached XP level 10. HP: 40/46 MP: 24/24
  8578 | D:9      | Found a stormy altar of Qazlal.
  8731 | D:9      | Found a staircase to the Orcish Mines.
  8754 | D:9      | Reached skill level 11 in Stealth
  8769 | D:9      | Reached **** piety under Dithmenos
  8873 | Lair:1   | Entered Level 1 of the Lair of Beasts
  9034 | D:9      | Reached skill level 10 in Spellcasting
  9258 | Orc:1    | Entered Level 1 of the Orcish Mines
  9261 | Orc:1    | Found Jar Cud's General Store.
  9414 | Orc:1    | Found a frozen archway.
  9477 | Orc:1    | Reached skill level 12 in Stealth
  9698 | Orc:1    | Noticed an ettin
  9705 | Orc:1    | Killed an ettin
  9705 | Orc:1    | Reached XP level 11. HP: 50/50 MP: 22/26
  9873 | Orc:2    | Entered Level 2 of the Orcish Mines
  9873 | Orc:2    | Noticed an orc sorcerer
 10076 | IceCv    | Entered an ice cave
 10211 | IceCv    | Reached skill level 13 in Stealth
 10583 | IceCv    | Killed from afar by an ice statue

Skill      XL: |  1  2  3  4  5  6  7  8  9 10 11 |
---------------+----------------------------------+-----
Short Blades   | 2 3 4 5 |  5.7
Stealth        | 5 6 8 9 10 12 13 | 13.3
Spellcasting   | 3 4 5 7 9 10 | 10.3
Hexes          | 4 5 8 10 11 12 | 12.7
Dodging        | 4 5 6 |  6.9
Ice Magic      | 1 2 3 |  3.5
Fighting       | 1 2 |  2.3
Armour         | |  0.7

Action                   |  1- 3 |  4- 6 |  7- 9 | 10-12 || total
-------------------------+-------+-------+-------+-------++-------
Melee: Dagger            |   163 |   121 |   238 |   172 ||   694
 Cast: Corona            |    16 |    10 |     3 |     1 ||    30
       Ensorcelled Hiber |    15 |    41 |    33 |    56 ||   145
       Confuse           |       |     5 |    28 |    21 ||    54
Invok: Shadow Step       |       |       |       |     1 ||     1
  Use: Scroll            |     4 |     4 |     4 |     8 ||    20
       Potion            |       |       |    10 |       ||    10
 Stab: Sleeping          |    22 |    33 |    40 |    55 ||   150
       Confused          |       |     1 |    13 |    17 ||    31
       Distracted        |       |     1 |     2 |       ||     3
       Invisible         |       |       |     1 |       ||     1
  Eat: Ration            |       |     2 |     3 |     1 ||     6
Armor: Robe              |    19 |     4 |    11 |     2 ||    36
       Troll leather arm |       |       |       |     7 ||     7
Dodge: Dodged            |   160 |    97 |   172 |   132 ||   561
